 Dungeon Crawl Stone Soup version 0.26-a0-291-g3d11bbfad5 (webtiles) character file.

Game seed: 2470716414094884134

169 ANON1729 the Sneak (level 5, -2/41 HPs)
             Began as a Barachi Brigand on July 14, 2020.
             Slain by Grinder (6 damage)
             ... on level 3 of the Dungeon.
             The game lasted 00:05:05 (3023 turns).

ANON1729 the Sneak (Barachi Brigand)                Turns: 3023, Time: 00:05:06

Health: -2/41      AC: 12    Str: 13    XL:     5   Next: 50%
Magic:  5/5        EV:  6    Int: 11    God:
Gold:   60         SH:  0    Dex: 14    Spells: 4/4 levels left

rFire    . . .     SeeInvis .   a - +2 dagger
rCold    . . .     Faith    .   (no shield)
rNeg     + . .     Spirit   .   p - +3 chain mail {rN+}
rPois    .         Reflect  .   (no helmet)
rElec    .         Harm     .   c - +0 cloak
rCorr    .                      (no gloves)
MR       .....                  (no boots)
Stlth    ..........             (no amulet)
HPRegen  0.13/turn              o - ring of wizardry (curse)
MPRegen  0.09/turn              (no ring)

@: slow
A: +LOS, swims, slowness 1, strong legs 1
a: Hop


You were on level 3 of the Dungeon.
You visited 1 branch of the dungeon, and saw 3 of its levels.

You collected 60 gold pieces.

Inventory:

Hand Weapons
 a - a +2 dagger (weapon)
Missiles
 d - 6 poisoned darts (quivered)
 e - 4 curare-tipped darts
Armour
 b - a +0 robe
 c - a +0 cloak (worn)
 p - a +3 chain mail of positive energy (worn)
Jewellery
 m - an uncursed amulet of faith
 o - a cursed ring of wizardry (left hand)
Scrolls
 g - 2 scrolls of blinking {unknown}
 h - a scroll of random uselessness {unknown}
 i - 3 scrolls of fog {unknown}
 j - a scroll of identify {unknown}
 k - a scroll of amnesia {unknown}
 n - a scroll of teleportation {unknown}


   Skills:
 + Level 3.6 Fighting
 * Level 3.8 Short Blades
 - Level 2.3 Throwing
 + Level 0.6 Armour
 + Level 2.5 Dodging
 + Level 4.3 Stealth


You had 4 spell levels left.
You didn't know any spells.
Your spell library was empty.

Dungeon Overview and Level Annotations

Branches:
Dungeon (3/15)

Altars:
Zin

Annotations:
D:3 Grinder


Innate Abilities, Weirdness & Mutations

You can be seen from farther away. (+LOS)
You can swim through water.
You cover ground slowly.
You can hop short distances.


Message History

You closely miss Grinder.
Grinder is almost dead.
You hit Grinder but do no damage.
Grinder is almost dead.
Grinder hits you!
* * * LOW HITPOINT WARNING * * *
You writhe in agony.
* * * LOW HITPOINT WARNING * * *
You hit Grinder but do no damage.
Grinder is almost dead.
Grinder gestures at you.
You suddenly lose the ability to move!
Grinder hits you but does no damage. Grinder gestures at you.
You shrug off the repeated paralysis!
You can move again.
You hit Grinder.
Grinder is almost dead.
Grinder hits you.
You die...

#.##### ##.### #.
#.....####....# .##.#
#...).........##.##.#
#..............#.##.#
#....≈....≈......##.#
#............###.##.#
##.....≈≈....###.##.#
#......≈≈....##..##.##
#.#..@...............(
#....5....≈...#.###.#.
#.............#.###.#.
#.............#.....#.
##....##.#....#.#####.
#######.######.# #.
#..†.....#####5
########.......
#.#####.


You could see Grinder.

Vanquished Creatures
  Jessica (D:2)
  Terence (D:2)
  6 adders
  An ooze (D:1)
  A worm (D:2)
  2 dart slugs
  A leopard gecko (D:1)
  7 bats
  5 giant cockroaches
  7 goblins
  8 hobgoblins
  2 quokkas
  A ball python (D:1)
  4 frilled lizards
  2 kobolds (D:1)
  5 rats
54 creatures vanquished.

Notes
Turn   | Place    | Note
-------+----------+-------------------------------------------
     0 | D:1      | ANON1729 the Barachi Brigand began the quest for the Orb.
     0 | D:1      | Reached XP level 1. HP: 17/17 MP: 1/1
   379 | D:1      | Reached XP level 2. HP: 21/23 MP: 2/2
   854 | D:1      | Reached XP level 3. HP: 28/28 MP: 3/3
  1467 | D:2      | Reached skill level 4 in Stealth
  1467 | D:2      | Reached XP level 4. HP: 26/35 MP: 4/4
  1833 | D:2      | Found a glowing silver altar of Zin.
  1884 | D:2      | Noticed Jessica
  1899 | D:2      | Killed Jessica
  2350 | D:2      | Noticed Terence
  2368 | D:2      | Killed Terence
  2368 | D:2      | Reached XP level 5. HP: 30/41 MP: 5/5
  2835 | D:3      | Noticed Grinder
  2848 | D:3      | Paralysed by Grinder for 3 turns
  2866 | D:3      | Paralysed by Grinder for 2 turns
  2887 | D:3      | Paralysed by Grinder for 3 turns
  2922 | D:3      | Paralysed by Grinder for 3 turns
  2948 | D:3      | Paralysed by Grinder for 2 turns
  2953 | D:3      | Paralysed by Grinder for 3 turns
  2977 | D:3      | Paralysed by Grinder for 4 turns
  3004 | D:3      | Paralysed by Grinder for 6 turns
  3020 | D:3      | Paralysed by Grinder for 2 turns
  3023 | D:3      | Slain by Grinder

Illustrated notes

Levels and vault maps discovered:
D:1:      lightli_arrival_noodles, layout_basic, nrook_uturn,
          grunt_decor_mini_mirrors
D:2:      minmay_alternating_diamond, layout_basic, zin_treasury,
          grunt_ministairs_11, serial_bayou_pond_c, uniq_jessica, uniq_terence
D:3:      minmay_thinvault, layout_loops_ring, nicolae_overflow_hidden_temple,
          skrybe_limestone_x, uniq_natasha, uniq_grinder

Skill      XL: |  1  2  3 |
---------------+----------+-----
Fighting       | 3 |  3.6
Short Blades   | 3 |  3.8
Dodging        | 2 |  2.5
Stealth        | 4 |  4.3
Throwing       | |  2.3
Armour         | |  0.6

Action                   |  1- 3 |  4- 6 || total
-------------------------+-------+-------++-------
Melee: Dagger            |   126 |   170 ||   296
Throw: Dart              |       |     5 ||     5
  Use: Potion            |       |     4 ||     4
 Stab: Sleeping          |     6 |     2 ||     8
       Distracted        |       |     1 ||     1
Armor: Robe              |    28 |     5 ||    33
       Chain mail        |       |    51 ||    51
Dodge: Dodged            |    83 |    36 ||   119

Table legend:
 A = Non-vault XP
 B = Vault XP
 C = Vault XP percentage of total XP
 D = Non-vault monster count
 E = Vault monster count
 F = Vault count percentage of total count
                 A         B        C        D         E       F
            +---------+---------+-------+---------+---------+-------
      Total |     152 |      90 |  37.2 |      48 |       6 |  11.1
            +---------+---------+-------+---------+---------+-------
        D:1 |      40 |       0 |   0.0 |      20 |       0 |   0.0
        D:2 |      73 |      90 |  55.2 |      20 |       6 |  23.1
        D:3 |      39 |       0 |   0.0 |       8 |       0 |   0.0
            +---------+---------+-------+---------+---------+-------
